 Dungeon Crawl Stone Soup version 0.30.1-3-gfc49f6343a (webtiles) character file.

Game seed: 9668824373891814479

924 Zeor the Cudgeller (level 7, -2/60 HPs)
             Began as a Green Draconian Monk on July 24, 2023.
             Slain by Pikel
             ... wielding a +0 whip of flaming
              (5 damage)
             ... on level 5 of the Dungeon.
             The game lasted 00:17:08 (4031 turns).

Zeor the Cudgeller (Green Draconian Monk)           Turns: 4031, Time: 00:17:10

Health: -2/60      AC:  8    Str: 13    XL:     7   Next: 84%
Magic:  11/11      EV: 14    Int: 20    God:
Gold:   218        SH:  0    Dex: 14    Spells: 11/11 levels left

rFire   . . .        a - +0 mace
rCold   . . .        c - orb {light}
rNeg    . . .        (body armour unavailable)
rPois   +            (helmet restricted)
rElec   .            (no cloak)
rCorr   .            d - +0 pair of gloves
SInv    .            p - +0 pair of boots
Will    .....        i - amulet "Wigung" {RegenMP Int+4}
Stlth   +            j - +6 ring of intelligence
HPRegen 0.30/turn    (no ring)
MPRegen 0.52/turn

%: no passive effects
@: short of breath, weak-willed, glowing
A: breathe noxious fumes, AC +6, unfitting armour, poison resistance,
cold-blooded, stinger 1, clumsy 1, evolution 1
a: Breathe Noxious Fumes


You were on level 5 of the Dungeon.
You visited 1 branch of the dungeon, and saw 5 of its levels.
You also visited: Sewer.

You collected 218 gold pieces.

Inventory:

Hand Weapons
 a - a +0 mace (weapon)
Missiles
 f - 8 javelins (quivered)
 o - 12 poisoned darts
 q - 3 datura-tipped darts
Armour
 c - an orb of light (worn)
 d - a +0 pair of gloves (worn)
 p - a +0 pair of boots (worn)
Jewellery
 i - the amulet "Wigung" (around neck) {RegenMP Int+4}
   (You found it on level 2 of the Dungeon)

   [amulet of magic regeneration]

   It increases your rate of magic regeneration.
   Int:       It affects your intelligence (+4).
 j - a +6 ring of intelligence (left hand)
Scrolls
 g - a scroll of poison
 h - 6 scrolls of teleportation
 k - a scroll of amnesia
 m - a scroll of vulnerability
Potions
 b - a potion of ambrosia
 n - a potion of haste


   Skills:
 + Level 4.8 Fighting
 + Level 6.1 Maces & Flails
 + Level 1.1 Throwing
 * Level 5.4 Dodging
 + Level 0.7 Stealth
 * Level 2.7 Spellcasting


You had 11 spell levels left.
You didn't know any spells.
Your spell library contained the following spells:

 Spells                   Type           Power      Damage    Failure   Level
 Lesser Beckoning         Tloc           4%         N/A       22%         2
 Gell's Gravitas          Tloc           2%         N/A       41%         3
 Teleport Other           Tloc           2%         N/A       41%         3


Dungeon Overview and Level Annotations

Branches:
Dungeon (5/15)              Sewer (visited)
 Temple: D:4-7

Altars:
Fedhas
Hepliaklqana
Okawaru
Trog

Annotations:
D:4 2 transporters
D:5 Pikel


Innate Abilities, Weirdness & Mutations

You can breathe blasts of noxious fumes.
Your lurid green scales are hard. (AC +6)
You cannot fit into any form of body armour.
Your system is resistant to poisons. (rPois)
You are cold-blooded and may be slowed by cold attacks.
Your tail ends in a venomous barb.
You are clumsy. (Dex -2)
You have hidden genetic potential.


Message History

The lemure hits you but does no damage.
You feel much better. Pikel closely misses you. The lemure closely misses you.
The lemure barely misses you. The lemure closely misses you.
You hit Pikel but do no damage.
Pikel is severely wounded.
The lemure hits you.
Pikel hits you with a +0 whip of flaming.
* * * LOW HITPOINT WARNING * * *
Pikel burns you.
* * * LOW HITPOINT WARNING * * *
The lemure hits you but does no damage. x2; The lemure hits itself!
The lemure hits you.
* * * LOW HITPOINT WARNING * * *
As you read the scroll labelled UMIRGHE BOETZYX, it crumbles to dust.
Magic quickly surges around you.
It was a scroll of vulnerability.
Pikel says, "You'll make a fine lemure."
Pikel hits you with a +0 whip of flaming.
* * * LOW HITPOINT WARNING * * *
Pikel burns you.
* * * LOW HITPOINT WARNING * * *
The lemure closely misses you. The lemure barely misses you.
Okay, then.
You aren't carrying any items that you can evoke.
Okay, then.
You feel better. The lemure closely misses you.
Pikel hits you with a +0 whip of flaming!
* * * LOW HITPOINT WARNING * * *
Pikel burns you.
* * * LOW HITPOINT WARNING * * *
The lemure hits you.
* * * LOW HITPOINT WARNING * * *
The lemure hits you!
* * * LOW HITPOINT WARNING * * *
You hit Pikel.
Pikel is almost dead.
The lemure seems less confused.
Pikel hits you but does no damage. The lemure hits you but does no damage.
The lemure closely misses you. The lemure hits you but does no damage.
Pikel hits you with a +0 whip of flaming.
You die... ▒∙▒∙∙▒ ▒∙ ▒∙▒∙∙▒▒▒ ▒▒ ∙∙∙▒∙∙?∙∙∙∙∙∙▒▒▒ ∙∙∙∙∙∙∙∙∙∙∙∙∙∙∙

∙∙>∙∙∙∙∙▒▒∙∙∙▒
▒∙▒▒∙∙∙▒
▒∙▒▒∙∙∙▒▒▒▒∙
▒5∙5∙∙∙∙∙∙∙∙
▒)d5∙∙∙∙∙∙∙∙
▒∙K5∙∙∙∙∙∙∙∙
▒▒∙∙<∙∙∙∙∙∙∙
▒∙∙∙∙∙∙∙∙∙∙
▒∙∙∙∙∙∙∙∙∙∙
▒∙∙∙∙∙$∙∙∙∙
▒∙∙!∙∙∙∙∙∙∙


∙∙∙∙∙∙∙∙∙∙∙ ▒▒▒▒▒▒▒▒▒▒▒∙ You could see Pikel (weak-willed) and 4 lemures.

Vanquished Creatures
  Sigmund (D:3)
  2 black bears (D:4)
  A centaur (D:5)
  A kobold brigand (Sewer)
  2 scorpions
  An iguana (D:4)
  7 river rats
  14 adders
  4 worms
  2 dart slugs (D:3)
  An orc (D:3)
  3 bats
  10 endoplasms
  5 giant cockroaches
  5 goblins
  7 hobgoblins
  8 jackals
  4 quokkas
  8 ball pythons
  9 frilled lizards
  7 kobolds
  15 rats
117 creatures vanquished.

Notes
Turn   | Place    | Note
-------+----------+-------------------------------------------
     0 | D:1      | Zeor the Draconian Monk began the quest for the Orb.
     0 | D:1      | Reached XP level 1. HP: 19/19 MP: 1/1
   131 | D:1      | Reached XP level 2. HP: 19/26 MP: 2/2
   721 | D:2      | Reached XP level 3. HP: 31/31 MP: 3/3
   723 | D:2      | Identified the amulet "Wigung" {RegenMP Int+4}
  1309 | D:2      | Reached skill level 4 in Maces & Flails
  1309 | D:2      | Reached XP level 4. HP: 40/40 MP: 4/4
  1500 | D:2      | Found a bloodstained altar of Trog.
  1662 | D:3      | Found a blossoming altar of Fedhas.
  1814 | D:3      | Found a glowing drain.
  1819 | Sewer    | Entered a sewer
  1832 | Sewer    | Noticed a kobold brigand
  1847 | Sewer    | Killed a kobold brigand
  1848 | Sewer    | Reached XP level 5. HP: 32/46 MP: 4/6
  1943 | Sewer    | Reached skill level 1 in Spellcasting
  2329 | Sewer    | Reached XP level 6. HP: 52/52 MP: 6/8
  2559 | D:3      | Found a hazy altar of Hepliaklqana.
  2696 | D:3      | Noticed Sigmund
  2711 | D:3      | Gained mutation: You are clumsy. (Dex -2) [potion of
                  | mutation]
  2711 | D:3      | Gained mutation: You have hidden genetic potential. [potion
                  | of mutation]
  2766 | D:3      | Killed Sigmund
  2767 | D:3      | Reached skill level 5 in Maces & Flails
  3017 | D:3      | Found an iron altar of Okawaru.
  3042 | D:3      | Your scales start taking on a lurid green colour.
  3042 | D:3      | Reached XP level 7. HP: 55/60 MP: 9/9
  3042 | D:3      | Gained mutation: Your system is resistant to poisons.
                  | (rPois) [Green Draconian growth]
  3456 | D:4      | Gained mutation: Your tail ends in a venomous barb. [hidden
                  | potential]
  3676 | D:4      | Found a transporter.
  3783 | D:4      | Found a bloodstained altar of Trog.
  3804 | D:4      | Reached skill level 1 in Throwing
  3804 | D:4      | Reached skill level 5 in Dodging
  3829 | D:4      | Found a transporter.
  4008 | D:5      | Entered Level 5 of the Dungeon
  4008 | D:5      | Noticed Pikel
  4020 | D:5      | Reached skill level 6 in Maces & Flails
  4026 | D:5      | HP: 2/60 [lemure[Pikel] (2)]
  4031 | D:5      | Slain by Pikel

Illustrated notes

Levels and vault maps discovered:
D:1:      psy_arrival_basics, layout_rooms, minmay_misc_feat_tiny,
          corexii_hall_statues_x
D:2:      layout_rooms, serial_co_window_serial, co_window_paths_a,
          co_window_paths_b, co_window_corner_a, co_window_paths_b,
          co_window_corner_a, co_window_of_opportunity_a,
          co_window_unsneaky_path_a, co_window_corner_cb,
          co_window_of_opportunity_b, co_window_broadway_c, glass_columns_b,
          basic_altar, kennysheep_generic_room_4
D:3:      layout_rooms, nicolae_overflow_crystal_walls, fedhas_altar_3,
          okawaru_ov_weapons_minmay, lightli_sewer_entry_pipes,
          grunt_ministairs_1, uniq_sigmund
D:4:      gammafunk_cloud_chamber, layout_cave_pools, trog_ov_bears_minmay
D:5:      layout_loops_ring, serial_shops, shop_statue, nicolae_take_the_stairs,
          hangedman_decor_lopped, minmay_manual_monstrance, uniq_pikel,
          uniq_eustachio

Skill      XL: |  1  2  3  4  5  6  7 |
---------------+----------------------+-----
Dodging        | 3 4 5 |  5.4
Maces & Flails | 4 5 6 |  6.1
Fighting       | 4 |  4.8
Spellcasting   | 1 2 |  2.7
Throwing       | 1 |  1.1
Stealth        | |  0.7

Action                     |  1- 3 |  4- 6 |  7- 9 || total
---------------------------+-------+-------+-------++-------
  Melee: Mace              |    93 |   253 |    67 ||   413
         Tailslap          |    17 |    32 |    13 ||    62
  Throw: Javelin           |       |     2 |       ||     2
         Dart              |       |     6 |       ||     6
Ability: Breathe Noxious F |       |       |     2 ||     2
    Use: Scroll            |     6 |     3 |     1 ||    10
         Potion            |       |     9 |     2 ||    11
   Stab: Confused          |       |       |     4 ||     4
 Armour: Skin              |    24 |    95 |    25 ||   144
  Dodge: Dodged            |    48 |   211 |    68 ||   327
